 Dungeon Crawl Stone Soup version 0.18.1-48-g4cf74bf (webtiles) character file.

26274 GFox the Blocker (level 12, -5/108 HPs)
             Began as a Minotaur Monk on July 7, 2016.
             Was a High Priest of Qazlal.
             Slain by an orc knight
             ... wielding a +0 long sword
              (7 damage)
             ... while paralysed by an orc sorcerer
             ... on level 2 of the Orcish Mines on July 8, 2016.
             The game lasted 01:57:39 (12684 turns).

GFox the Blocker (Minotaur Monk)                   Turns: 12684, Time: 01:57:40

Health: -5/108     AC: 25    Str: 17    XL:     12   Next: 96%
Magic:  10/10      EV:  2    Int:  7    God:    Qazlal [*****.]
Gold:   180        SH:  0    Dex: 19    Spells: 0 memorised, 11 levels left

rFire  + + .     SeeInvis +     g - +9 hand axe (freeze)
rCold  . . .     Gourm    .     r - +0 plate armour (curse)
rNeg   . . .     Faith    .     w - +5 large shield {AC+3}
rPois  .         Spirit   .     (helmet restricted)
rElec  .         Dismiss  .     y - +0 cloak
rCorr  .         Reflect  .     (no gloves)
SustAt .         Harm     .     O - +1 pair of boots
MR     .....     Clarity  +     (no amulet)
Stlth  ..........               u - ring of see invisible
                                a - ring of protection from fire

@: paralysed, protected from physical damage, repel missiles, not resistant to
hostile enchantments, extremely unstealthy
A: retaliatory headbutt, horns 2, berserk 1, blink, clarity, fire resistance 1,
low mp 1, strong 1
a: Blink, Upheaval, Elemental Force, Disaster Area, Renounce Religion


You were on level 2 of the Orcish Mines.
You worshipped Qazlal.
Qazlal was extremely pleased with you.
You were hungry.

You visited 3 branches of the dungeon, and saw 15 of its levels.

You collected 1205 gold pieces.
You spent 1025 gold pieces at shops.

Inventory:

Hand Weapons
 g - a +9 hand axe of freezing (weapon)
Missiles
 p - 7 javelins (quivered)
 D - 5 tomahawks of returning
 Q - an exploding tomahawk
Armour
 r - a cursed +0 plate armour (worn)
 v - a +2 cloak of magic resistance
 w - a +5 large shield of protection (worn)
 y - a +0 cloak (worn)
 O - a +1 pair of boots (worn)
Jewellery
 a - a ring of protection from fire (left hand)
 u - a ring of see invisible (right hand)
Wands
 i - a wand of enslavement (18/24)
 z - a wand of digging (7/24)
 E - a wand of iceblast (9/15)
 F - a wand of lightning (7/15)
 K - a wand of flame (21/48)
Scrolls
 d - 5 scrolls of teleportation
 j - a scroll of amnesia
 l - 3 scrolls of fear
 C - 2 scrolls of remove curse
 G - a scroll of enchant weapon
Potions
 e - a potion of brilliance {unknown}
 h - 8 potions of curing
 m - 2 potions of invisibility {unknown}
 q - 2 potions of berserk rage
 t - 2 potions of cure mutation {unknown}
 x - a potion of lignification
 B - 2 potions of haste
 H - 2 potions of cancellation
 I - a potion of ambrosia {unknown}
 M - a potion of resistance {unknown}
 N - a potion of might {unknown}
Miscellaneous
 J - a stone of tremors
 R - a sack of spiders
 S - a crystal ball of energy
Comestibles
 b - 8 bread rations
 c - 10 royal jellies
 f - 29 chunks of flesh
 k - 5 fruits
 o - a slice of pizza
 s - a beef jerky
 A - 5 meat rations


   Skills:
 + Level 10.8 Fighting
 + Level 13.0 Axes
 + Level 1.0 Throwing
 + Level 11.4 Armour
 + Level 6.8 Dodging
 + Level 2.4 Stealth
 + Level 14.2 Shields
 + Level 5.3 Unarmed Combat
 + Level 0.8 Invocations
 + Level 0.3 Evocations


You had 11 spell levels left.
You didn't know any spells.

Dungeon Overview and Level Annotations

Branches:
Dungeon (12/15)            Temple (1/1) D:6            Lair (0/8) D:11
    Orc (2/2) D:12            Elf (0/3) Orc:2

Altars:
Ashenzari
Cheibriados
Dithmenos
Elyvilon
Fedhas
Gozag
Kikubaaqudgha
Makhleb
Nemelex Xobeh
Okawaru
Pakellas
Qazlal
Ru
Sif Muna
Trog
Vehumet
Xom
Yredelemnul
Zin
The Shining One
Beogh

Shops:
D:5 *(?*   D:9 *   D:11 [   Orc:2 ?

Annotations:
D:5 exclusion: statue


Innate Abilities, Weirdness & Mutations

You reflexively headbutt those who attack you in melee.
You have a pair of horns on your head.
You tend to lose your temper in combat.
You can translocate small distances at will.
You possess an exceptional clarity of mind.
Your flesh is heat resistant.
Your magical capacity is low (-10% MP).
Your muscles are strong. (Str +2)


Message History

You suddenly lose the ability to move!
The smoke demon gestures at you. Something smites you!
* * * LOW HITPOINT WARNING * * *
The orc knight hits you with a long sword.
* * * LOW HITPOINT WARNING * * *
The orc sorcerer mumbles some strange words.
The orc high priest hits you but does no damage.
The orc knight hits you with a great sword!!
* * * LOW HITPOINT WARNING * * *
You hear a shout!
The orc knight barely misses you.
The orc high priest utters an invocation to Beogh.
The orc knight hits you with a great sword!
* * * LOW HITPOINT WARNING * * *
You feel more protected from physical attacks.
You hear a shout! x2
The neqoxec gestures.
The orc knight hits you with a long sword!
You die...

..............
..............
..............
.............. ##
.............. #. #
.............. #3..##
.............. ##3.4..#
.............###o#o55#.#
............###.@oo.3...
.))........###..o#4#.#5.
..).......###.§.## 34
.).......###...## o.# ##
........###...## 33# ##
#. .......###.#.## ..
#.###. ..)...###...## .
#...### ...))..###.#.##
#.#.###.
...).).)###.§.##
#...###..


You could see 2 orc knights, 2 soul eaters, 2 orc high priests, a hellwing, 2
ice devils, a smoke demon, 2 neqoxecs, a chaos spawn, 2 orc sorcerers, an iron
imp, a crimson imp and an ufetubus.

Vanquished Creatures
  Josephine (Orc:1)
  The ghost of Watshisface the Cruncher, a journeyman MiGl (D:11)
  A centaur warrior (D:12)
  The ghost of Groucho the Blocker, a novice MiFi of Dithmenos (D:9)
  An orc high priest (Orc:2)
  A sun demon (Orc:2)
  The ghost of Lennu the Reanimator, a novice DDNe of Makhleb (D:8)
  The ghost of Doomgape the Protected, a novice GrCK of Xom (D:10)
  An unseen horror (D:12)
  2 hill giants (D:11)
  An orc knight (Orc:2)
  3 ugly things
  3 orc sorcerers
  3 cyclopes
  A deep elf mage (D:12)
  A rust devil (Orc:2)
  A gargoyle (D:11)
  An efreet (D:12)
  2 yaktaurs (D:12)
  An ice devil (Orc:2)
  A red devil (Orc:2)
  4 trolls
  A slime creature (D:11)
  Sigmund (D:4)
  4 wraiths
  The ghost of Wardy2 the Skirmisher, an amateur MiAK of Lugonu (D:7)
  10 yaks
  A wyvern (D:9)
  2 hippogriffs
  3 mottled dragons
  4 vampire mosquitoes (D:12)
  3 hungry ghosts
  Edmund (D:6)
  A warg (Orc:1)
  2 water moccasins (D:7)
  Duvessa (D:7)
  22 orc warriors
  2 sky beasts
  2 black bears
  6 ogres
  An eye of draining (D:11)
  6 ice beasts
  2 phantoms
  2 centaurs
  A big kobold (D:9)
  10 giant frogs
  A wyvern zombie (D:12)
  Dowan (D:7)
  5 scorpions
  5 killer bees (D:11)
  8 wights
  6 howler monkeys
  6 crimson imps
  4 centaur zombies
  7 hounds
  6 jellies
  3 giant frog zombies
  Crazy Yiuf (D:7)
  4 giant frog skeletons
  18 orc priests
  13 orc wizards
  4 iguanas
  8 worker ants
  Terence (D:2)
  A hound skeleton (D:5)
  2 hound zombies
  A worker ant zombie (D:6)
  3 gnolls (D:7)
  2 howler monkey zombies
  15 adders
  4 shadow imps
  7 oozes
  2 adder skeletons
  2 worms
  2 dart slugs
  5 giant geckos
  54 orcs
  5 bats
  9 giant cockroaches
  7 goblins
  6 hobgoblins
  10 jackals
  10 kobolds
  6 quokkas
  2 ball pythons
  A giant gecko skeleton (D:4)
  4 giant newts
  4 rats
  2 plants (D:9)
389 creatures vanquished.

Vanquished Creatures (collateral kills)
  An orc warrior (Orc:2)
  An orc priest (Orc:2)
2 creatures vanquished.

Vanquished Creatures (others)
  A hydra (D:12)
  An orc (Orc:2)
2 creatures vanquished.

Grand Total: 393 creatures vanquished

Notes
Turn   | Place    | Note
--------------------------------------------------------------
     0 | D:1      | GFox the Minotaur Monk began the quest for the Orb.
     0 | D:1      | Reached XP level 1. HP: 19/19 MP: 0/0
    90 | D:1      | Reached XP level 2. HP: 18/27 MP: 1/1
   581 | D:2      | Reached XP level 3. HP: 28/33 MP: 2/2
   685 | D:2      | Reached skill level 5 in Unarmed Combat
   705 | D:2      | Noticed Terence
   717 | D:2      | Killed Terence
   717 | D:2      | Reached XP level 4. HP: 32/40 MP: 3/3
  1023 | D:2      | Reached skill level 1 in Axes
  1753 | D:3      | Reached XP level 5. HP: 47/47 MP: 4/4
  2041 | D:4      | Reached skill level 1 in Armour
  2050 | D:4      | Noticed Sigmund
  2060 | D:4      | Killed Sigmund
  2060 | D:4      | Reached XP level 6. HP: 41/53 MP: 5/5
  2128 | D:4      | Reached skill level 5 in Dodging
  2247 | D:4      | HP: 2/55 [ogre/giant club (18)]
  2249 | D:4      | Reached skill level 5 in Fighting
  2692 | D:4      | Noticed an orc warrior
  2704 | D:4      | Killed an orc warrior
  2704 | D:4      | Reached XP level 7. HP: 48/61 MP: 6/6
  3155 | D:5      | Entered Level 5 of the Dungeon
  3230 | D:5      | Reached skill level 5 in Armour
  3321 | D:5      | Found Tinowkaill's Antique Weapon Shoppe.
  3338 | D:5      | Bought an ichor-stained scimitar for 207 gold pieces
  3338 | D:5      | Identified the +4 scimitar "Gulya" {speed, rF- Int+5} (You bought it in a shop on level 5 of the Dungeon)
  3447 | D:5      | Found Maxkox's General Store.
  3473 | D:5      | Found a radiant altar of Vehumet.
  3520 | D:5      | Found Affyatrooti's General Store.
  3706 | D:5      | Found Nusoham's Magic Scroll Shop.
  3764 | D:5      | Reached XP level 8. HP: 67/70 MP: 7/7
  3798 | D:5      | Reached skill level 5 in Axes
  3960 | D:6      | Found a glowing golden altar of the Shining One.
  4000 | D:6      | Noticed Edmund
  4012 | D:6      | Killed Edmund
  4219 | D:6      | Paralysed by fainting for 6 turns
  4564 | D:5      | Bought a scroll of enchant weapon for 105 gold pieces
  4655 | D:6      | Found a staircase to the Ecumenical Temple.
  4661 | Temple   | Entered the Ecumenical Temple
  4795 | Temple   | Became a worshipper of Qazlal Stormbringer
  4795 | Temple   | Reached * piety under Qazlal
  4795 | Temple   | Reached ** piety under Qazlal
  4916 | D:6      | Reached skill level 1 in Shields
  4956 | D:6      | Reached skill level 2 in Shields
  5206 | D:7      | Reached XP level 9. HP: 75/78 MP: 8/8
  5208 | D:7      | Reached skill level 3 in Shields
  5216 | D:7      | Noticed Wardy2's ghost (amateur MiAK)
  5222 | D:7      | Killed Wardy2's ghost
  5334 | D:7      | Noticed Crazy Yiuf
  5337 | D:7      | Killed Crazy Yiuf
  5357 | D:7      | Gained mutation: Your flesh is heat resistant. [potion of beneficial mutation]
  5358 | D:7      | Gained mutation: You possess an exceptional clarity of mind. [potion of beneficial mutation]
  5432 | D:7      | Noticed Duvessa
  5437 | D:7      | Noticed Dowan
  5441 | D:7      | Killed Duvessa
  5449 | D:7      | Killed Dowan
  5585 | D:7      | Reached skill level 4 in Shields
  6074 | D:8      | Reached skill level 5 in Shields
  6078 | D:8      | Noticed Lennu's ghost (novice DDNe)
  6132 | D:8      | Killed Lennu's ghost
  6132 | D:8      | Reached skill level 6 in Shields
  6397 | D:8      | Reached *** piety under Qazlal
  6439 | D:8      | Reached XP level 10. HP: 88/88 MP: 9/9
  6448 | D:8      | Reached skill level 7 in Shields
  7239 | D:5      | Bought a scroll of enchant weapon for 105 gold pieces
  7260 | D:5      | You fall through a shaft for 2 floors!
  7620 | D:9      | Found Iphoskem's Assorted Antiques.
  7634 | D:9      | Reached skill level 8 in Shields
  7707 | D:9      | Noticed Groucho's ghost (novice MiFi)
  7726 | D:9      | Killed Groucho's ghost
  8030 | D:10     | Entered Level 10 of the Dungeon
  8035 | D:10     | Reached **** piety under Qazlal
  8047 | D:10     | Noticed Doomgape's ghost (novice GrCK)
  8058 | D:10     | Reached skill level 9 in Shields
  8059 | D:10     | Killed Doomgape's ghost
  8059 | D:10     | Reached skill level 10 in Axes
  8308 | D:10     | Reached skill level 10 in Armour
  8561 | D:11     | Noticed Watshisface's ghost (journeyman MiGl)
  8571 | D:11     | Reached XP level 11. HP: 95/95 MP: 10/10
  8668 | D:11     | Killed Watshisface's ghost
  8684 | D:11     | Gained mutation: You have large cloven feet. [mutagenic meat]
  8685 | D:11     | Gained mutation: Your magical capacity is low (-10% MP). [mutagenic meat]
  8686 | D:11     | Gained mutation: You can translocate small distances at will. [mutagenic meat]
  8687 | D:11     | Lost mutation: You have large cloven feet. [mutagenic meat]
  8688 | D:11     | Gained mutation: Your muscles are strong. (Str +2) [mutagenic meat]
  8689 | D:11     | Gained mutation: You tend to lose your temper in combat. [mutagenic meat]
  8759 | D:11     | Reached skill level 10 in Shields
  8931 | D:11     | Found a staircase to the Lair.
  9109 | D:5      | Bought a scroll of enchant armour for 105 gold pieces
  9325 | D:11     | Noticed a hill giant
  9335 | D:11     | Killed a hill giant
  9449 | D:11     | Noticed a hill giant
  9460 | D:11     | Killed a hill giant
  9656 | D:11     | Found Nuico's Armour Shop.
  9676 | D:11     | Found an oddly glowing altar of Pakellas.
  9701 | D:11     | Reached ***** piety under Qazlal
  9717 | D:11     | Reached skill level 1 in Throwing
  9745 | D:11     | Noticed a red ugly thing
  9758 | D:11     | Killed a red ugly thing
  9758 | D:11     | Reached skill level 11 in Shields
 10035 | D:12     | Noticed a brown ugly thing
 10047 | D:12     | Killed a brown ugly thing
 10071 | D:12     | Found a staircase to the Orcish Mines.
 10086 | D:12     | Found a roughly hewn altar of Beogh.
 10224 | D:12     | Noticed a centaur warrior
 10230 | D:12     | Killed an eight-headed hydra
 10236 | D:12     | Killed a centaur warrior
 10241 | D:12     | Noticed a deep elf mage
 10256 | D:12     | Killed a deep elf mage
 10257 | D:12     | Reached skill level 12 in Shields
 10257 | D:12     | Reached XP level 12. HP: 73/106 MP: 9/9
 10271 | D:12     | Reached skill level 10 in Fighting
 10888 | Orc:1    | Entered Level 1 of the Orcish Mines
 10895 | Orc:1    | Noticed Josephine
 10910 | Orc:1    | Killed Josephine
 10917 | Orc:1    | Reached skill level 13 in Shields
 11361 | D:9      | Bought a scroll of enchant armour for 217 gold pieces
 12151 | D:11     | Bought a +2 cloak of magic resistance for 258 gold pieces
 12202 | Orc:2    | Entered Level 2 of the Orcish Mines
 12202 | Orc:2    | Found a staircase to the Elven Halls.
 12229 | Orc:2    | Found Miut's General Store.
 12243 | Orc:2    | Found Puco's Magic Scroll Shoppe.
 12374 | Orc:2    | Reached skill level 14 in Shields
 12534 | Orc:2    | Bought a scroll of identify for 28 gold pieces
 12665 | Orc:2    | Noticed an orc high priest
 12667 | Orc:2    | Noticed an orc high priest
 12674 | Orc:2    | Noticed an orc high priest
 12680 | Orc:2    | Killed an orc high priest
 12681 | Orc:2    | Paralysed by an orc sorcerer for 7 turns
 12683 | Orc:2    | HP: 2/108 [orc knight/great sword (8)]
 12684 | Orc:2    | Slain by an orc knight

Skill      XL: |  1  2  3  4  5  6  7  8  9 10 11 12 |
---------------+-------------------------------------+-----
Fighting       | 4 5 6 7 8 9 10 | 10.8
Unarmed Combat | 5 |  5.3
Dodging        | 4 5 6 |  6.8
Axes           | 1 2 3 4 6 8 10 11 13 | 13.0
Armour         | 2 4 5 7 9 10 11 | 11.4
Stealth        | 2 |  2.4
Shields        | 2 6 9 12 14 | 14.2
Throwing       | 1 |  1.0
Invocations    | |  0.8
Evocations     | |  0.3

Action                   |  1- 3 |  4- 6 |  7- 9 | 10-12 || total
-------------------------+-------+-------+-------+-------++-------
Melee: Hand axe          |    45 |   105 |   332 |   742 ||  1224
       Headbutt          |     6 |    13 |    81 |   192 ||   292
       Punch             |     1 |     2 |     1 |       ||     4
Throw: Javelin           |       |       |       |     4 ||     4
Invok: Elemental Force   |       |       |       |     1 ||     1
Evoke: Wand              |       |       |       |     2 ||     2
  Use: Scroll            |       |     8 |    15 |    10 ||    33
       Potion            |       |       |     2 |     3 ||     5
  Eat: Chunk             |       |     5 |     5 |    15 ||    25
       Meat ration       |       |     1 |     2 |     2 ||     5
       Fruit             |       |       |     1 |       ||     1
Armor: Robe              |     3 |       |       |       ||     3
       Ring mail         |    17 |    10 |       |       ||    27
       Plate armour      |       |    55 |   144 |   121 ||   320
Dodge: Dodged            |    40 |    50 |    38 |    53 ||   181
       Deflected         |       |       |       |     5 ||     5
Block: Shield            |       |       |    19 |       ||    19
       Large shield      |       |       |   185 |   734 ||   919
